Map: [ESL] Tropical Sacrifice

Players

PappiJoe

  • Race: Protoss Protoss
  • Spawn Location: 1:00

Serral - Winner!

  • Race: Zerg Zerg
  • Spawn Location: 7:00

Event: HomeStory Cup XXII

VOD

Have the link to the VOD?

Description

Time

  • Played on: Dec. 15, 2022, 10:48 a.m.
  • Length: 7:23

All games in this series

Show
View Real Time Build Order
Export as new Build Order

PappiJoe Protoss 

Build Orders: 1 Gate Expand 

Get SALT Encoding   

  12  0:00  Probe  
  13  0:13  Probe  
  14  0:20  Pylon  
  14  0:25  Probe  
  15  0:38  Probe (Chrono Boost)  
  16  0:43  Gateway  
  17  0:50  Probe (Chrono Boost)  
  17  0:54  Assimilator  
  17  0:56  Probe (Chrono Boost)  
  18  1:04  Probe  
  19  1:16  Probe  
  20  1:32  Nexus  
  20  1:39  Cybernetics Core  
  20  1:42  Probe  
  20  1:46  Assimilator  
  21  1:54  Probe  
  21  1:57  Pylon  
  22  2:07  Probe  
  23  2:14  Adept (Chrono Boost)  
  23  2:16  Cybernetics Core  
  23  2:20  Probe  
  26  2:23  Warp Gate  
  26  2:32  Probe  
  27  2:38  Adept  
  27  2:43  Twilight Council  
  30  2:44  Probe (Chrono Boost)  
  30  2:47  Probe (Chrono Boost)  
  31  2:56  Probe (Chrono Boost)  
  31  2:58  Probe (Chrono Boost)  
  32  3:00  Gateway  
  32  3:02  Probe (Chrono Boost)  
  33  3:06  Probe  
  36  3:14  Probe  
  36  3:19  Probe  
  38  3:26  Probe  
  39  3:32  Resonating Glaives (Chrono Boost)  
  39  3:34  Nexus, Probe  
  37  3:40  Probe  
  39  3:46  Pylon  
  39  3:51  Probe  
  39  3:52  Probe  
  43  4:00  Gateway  
  41  4:03  Probe  
  41  4:05  Probe  
  43  4:12  Gateway, Stalker  
  43  4:16  Adept, Probe  
  49  4:17  Probe  
  49  4:26  Robotics Facility  
  49  4:28  Probe  
  50  4:37  Shield Battery, Adept x2  
  50  4:40  Probe  
  50  4:43  Probe  
  47  4:46  Probe  
  47  4:48  Pylon  
  47  4:52  Probe  
  47  4:54  Adept  
  47  4:55  Probe  
  47  4:58  Adept, Probe  
  47  4:59  Adept  
  53  5:04  Probe  
  53  5:06  Pylon  
  51  5:07  Adept, Probe  
  51  5:14  Charge (Chrono Boost)  
  55  5:16  Probe, Assimilator  
  55  5:18  Assimilator  
  55  5:19  Pylon  
  53  5:25  Pylon  
  53  5:27  Adept  
  54  5:32  Pylon  
  53  5:39  Warp Prism (Chrono Boost)  
  55  5:50  Stalker  
  55  5:54  Adept  
  55  5:55  Adept x2  
  55  5:56  Probe  
  65  5:57  Probe, Forge  
  65  6:09  Probe x2  
  67  6:15  Nexus  
  66  6:21  Probe x2  
  68  6:29  Templar Archives  
  68  6:32  Nexus  
  68  6:33  Probe, Pylon  
  68  6:34  Probe  
  68  6:37  Pylon  
  70  6:42  Pylon  
  70  6:45  Probe  
  70  6:46  Probe  
  76  6:57  Probe  
  76  6:58  Shield Battery, Probe  
  76  7:00  Sentry x3  
  84  7:05  Stalker  
  81  7:09  Probe  
Show
View Real Time Build Order
Export as new Build Order

Serral Zerg - Winner!

Build Orders: Pool First 

Get SALT Encoding   

  12  0:00  Drone  
  13  0:13  Overlord  
  13  0:18  Drone  
  14  0:31  Drone  
  14  0:32  Drone  
  14  0:35  Drone  
  17  0:45  Spawning Pool  
  17  0:49  Drone  
  17  1:09  Hatchery  
  16  1:12  Drone  
  16  1:16  Drone  
  18  1:27  Extractor  
  18  1:31  Queen  
  19  1:33  Zergling x2  
  19  1:34  Zergling x2  
  21  1:41  Overlord  
  21  1:50  Drone  
  22  2:01  Drone  
  22  2:07  Queen  
  25  2:11  Drone  
  26  2:21  Drone  
  26  2:22  Drone  
  28  2:33  Drone x2  
  30  2:39  Metabolic Boost  
  30  2:40  Hatchery  
  29  2:44  Drone  
  29  2:47  Drone  
  31  2:53  Queen  
  31  2:58  Overlord  
  33  3:03  Drone x2  
  35  3:07  Drone  
  36  3:15  Overlord  
  36  3:21  Zergling x2  
  36  3:22  Drone x4  
  41  3:27  Drone x2  
  41  3:32  Queen  
  45  3:37  Queen  
  45  3:40  Drone  
  47  3:43  Drone  
  47  3:48  Overlord  
  48  3:51  Zergling x4, Drone  
  48  3:52  Zergling x2  
  52  3:56  Spore Crawler  
  52  4:00  Zergling x4  
  53  4:03  Roach Warren  
  53  4:07  Zergling x4  
  54  4:12  Overlord  
  54  4:14  Zergling x4  
  56  4:22  Zergling x6  
  56  4:23  Zergling x2  
  59  4:36  Zergling x6  
  61  4:38  Zergling x4  
  61  4:39  Zergling x2  
  61  4:44  Overlord  
  61  4:45  Lair  
  62  4:47  Zergling x8, Extractor  
  63  4:55  Overlord  
  62  5:03  Drone x4  
  65  5:08  Drone  
  65  5:12  Drone x2  
  66  5:16  Drone x6  
  69  5:25  Drone x5  
  69  5:28  Drone  
  74  5:33  Extractor  
  74  5:34  Extractor  
  72  5:36  Drone x3  
  72  5:37  Evolution Chamber  
  72  5:42  Roach x2  
  80  5:43  Roach x2  
  80  5:44  Glial Reconstitution  
  82  5:54  Roach x3  
  82  5:55  Overseer  
  88  6:00  Overlord x3  
  88  6:01  Overlord  
  88  6:03  Overlord  
  89  6:18  Roach x5  
  89  6:19  Roach x3  
  89  6:23  Roach x2  
  105  6:26  Roach x2  
  105  6:31  Overseer  
  109  6:34  Roach x4  
  109  6:39  Roach  
  123  6:40  Roach x2  
  123  6:44  Roach x2  
  127  6:49  Overlord x2  
  127  6:56  Roach  
  127  6:58  Overlord  
Tags
 
Add a new tag
Caveats
  • Supply blocks, unpowered buildings, or Contaminate may cause inaccurate times.
  • Supply counts are checked every 10 seconds.